 Dungeon Sprint DCSS version 0.30-a0-122-g2a1322497e (webtiles) character file.

Game seed: 10625704479006968255

5870 rocky1 the Fighter (level 10, -6/123 HPs)
             Began as an Ogre Berserker on Sept 16, 2022.
             Was the Champion of Trog.
             Mangled by a rakshasa
             ... wielding a +0 whip
              (11 damage)
             ... in the Dungeon (Sprint VII: "The Pits").
             The game lasted 00:09:28 (3814 turns).

rocky1 the Fighter (Ogre Berserker)                 Turns: 3814, Time: 00:09:28

Health: -6/123     AC:  5    Str: 27    XL:     10   Next: 81%
Magic:  3/3        EV: 12    Int:  8    God:    Trog [******]
Gold:   0          SH:  0    Dex:  8    Spells: 9/9 levels left

rFire   . . .      SeeInvis .    a - +6 dire flail (antimagic)
rCold   . . .      Faith    .    (shield currently unavailable)
rNeg    . . .      Spirit   .    b - +0 animal skin
rPois   .          Reflect  .    (helmet restricted)
rElec   .          Harm     .    s - +0 cloak
rCorr   .          Rampage  .    (gloves unavailable)
Will    +....      NoTele   +    (boots unavailable)
Stlth   ++++......               (no amulet)
HPRegen 0.30/turn                (no ring)
MPRegen 0.08/turn                (no ring)

@: no status effects
A: large, unfitting armour, tough skin 1
a: Renounce Religion, Berserk, Trog's Hand, Brothers in Arms


You were in the Dungeon.
You worshipped Trog.
Trog was exalted by your worship.
You visited 1 branch

Inventory:

Hand Weapons
 a - a +6 antimagic dire flail (weapon)
 j - a +7 vorpal giant spiked club
 l - a +0 flail of protection
 q - a +1 broad axe of freezing
 r - a +2 vorpal morningstar
 t - a +4 vorpal battleaxe
 u - a +2 dire flail of flaming
Missiles
 v - 2 large rocks (quivered)
Armour
 b - a +0 animal skin (worn)
 s - a +0 cloak (worn)
Jewellery
 k - a +3 ring of protection
 m - a +3 ring of evasion
Potions
 c - 6 potions of curing
 d - 7 potions of heal wounds
 e - 2 potions of haste
 f - 4 potions of magic
 g - 2 potions of berserk rage
 i - 2 potions of invisibility
 n - a potion of might
 o - 2 potions of mutation
 p - a potion of resistance


   Skills:
 + Level 14.6 Fighting
 + Level 12.8 Maces & Flails
 + Level 0.0 Throwing
 + Level 9.1 Armour
 + Level 10.5 Dodging
 + Level 9.1 Stealth


You had 9 spell levels left.
You didn't know any spells.
Your spell library was empty.

Dungeon Overview and Level Annotations

Branches:
Dungeon (1/1)

Altars:
Gozag
Hepliaklqana
Sif Muna
Trog
Jiyva


Innate Abilities, Weirdness & Mutations

You are too large for most types of armour.
You have tough skin. (AC +1)


Message History

You slam into the metal wall!
Okay, then.
The basilisk gazes at you.
You easily resist.
The basilisk gazes at you.
You easily resist.
There is an open door, spattered with blood here.
Blink to where?
Press: ? - help, Dir - move target
As you read the scroll of blinking, it crumbles to dust.
There is a huge open gate to the Metal Vault (Medium) here.
There is a huge open gate to the Metal Vault (Medium) here.
You close the huge gate.
Something unseen opens the huge gate.
There is an open door to the Entrance Hall (Safe) here.
You close the door.
You start resting.
Something unseen breaks down the door.
You start resting.
A rakshasa is nearby!
You impale the rakshasa!!
The rakshasa's magic leaks into the air.
The rakshasa is moderately wounded.
You puncture the rakshasa!
The rakshasa's magic leaks into the air.
The rakshasa is heavily wounded.
The injured rakshasa weaves a defensive illusion!
The rakshasa hits you with a +0 whip! The rakshasa closely misses you.
You sock the rakshasa!
The rakshasa's magic leaks into the air.
The rakshasa is severely wounded.
The rakshasa barely misses you. The rakshasa hits you with a +0 whip!
* * * LOW HITPOINT WARNING * * *
The rakshasa hits you with a +0 whip!
* * * LOW HITPOINT WARNING * * *
You closely miss the rakshasa.
The rakshasa is severely wounded.
The rakshasa hits you with a +0 whip.
* * * LOW HITPOINT WARNING * * *
The rakshasa hits you with a +0 whip!
You die...

..###########++######
#########'##................#
.?(.')))'.##......#..#......#
#########.##................+
...........'................+
'#####'#####......#..#......#
.#..#..[).##........R.......#
.#))#####)#####R#####''######
.#))#.....##...R@..##++##########
.#))#.....##...R...##....##..))).
)#[[###'####.......##...##...#.)#
)##'#.....##...<...##..##...##..#
)#........##.......##..#...##.).l
.#........##.......##..R..##....#
'###########.......##.##[.#......
.......#..
############..)ยง..R...
.......#.########### #....#....##


You could see 3 rakshasas.

Vanquished Creatures
  A deep troll (D)
  A shadow wraith (D)
  An orc sorcerer (D)
  An orange demon (D)
  A cane toad (D)
  A komodo dragon (D)
  An ice devil (D)
  2 polar bears (D)
  2 fire bats (D)
  A warg (D)
  2 water moccasins (D)
  2 floating eyes (D)
  A swamp drake (D)
  An ogre (D)
  A centaur (D)
  A wolf (D)
  A kobold brigand (D)
  2 bullfrogs (D)
  A gnoll sergeant (D)
  A quasit (D)
  A gnoll bouda (D)
  An orc priest (D)
  An iron imp (D)
  3 orc wizards (D)
  An iguana (D)
  11 gnolls (D)
  An ufetubus (D)
  An adder skeleton (D)
  2 orcs (D)
  2 giant cockroaches (D)
  A hobgoblin (D)
  4 jackals (D)
  A quokka (D)
55 creatures vanquished.

Vanquished Creatures (collateral kills)
  A deep elf pyromancer (D)
  A cyclops (D)
  An elephant (D)
  A gnoll bouda (D)
  2 gnolls (D)
  A ball python skeleton (D)
7 creatures vanquished.

Grand Total: 62 creatures vanquished

Notes
Turn   | Place    | Note
-------+----------+-------------------------------------------
     0 | D        | rocky1 the Ogre Berserker began the quest for the Orb.
     0 | D        | Reached XP level 1. HP: 24/24 MP: 1/1
    18 | D        | Found a bloodstained altar of Trog.
    18 | D        | Found a shimmering blue altar of Sif Muna.
    18 | D        | Found a viscous altar of Jiyva.
    18 | D        | Found a hazy altar of Hepliaklqana.
    18 | D        | Found an opulent altar of Gozag.
    57 | D        | Reached ** piety under Trog
   317 | D        | Reached skill level 5 in Fighting
   317 | D        | Reached XP level 2. HP: 33/35 MP: 2/2
   317 | D        | Noticed a floating eye
   321 | D        | Killed a floating eye
   322 | D        | Reached XP level 3. HP: 40/42 MP: 3/3
   322 | D        | Reached XP level 4. HP: 48/50 MP: 4/4
   346 | D        | Reached *** piety under Trog
   349 | D        | Reached XP level 5. HP: 57/57 MP: 5/5
   366 | D        | Reached skill level 1 in Armour
   366 | D        | Reached skill level 1 in Stealth
   370 | D        | Reached **** piety under Trog
   378 | D        | Reached skill level 6 in Fighting
   657 | D        | Noticed a fire bat
   658 | D        | Noticed a centaur
   658 | D        | Noticed a water moccasin
   658 | D        | Noticed a floating eye
   668 | D        | Killed a fire bat
   669 | D        | Reached skill level 7 in Fighting
   669 | D        | Reached skill level 5 in Dodging
   669 | D        | Reached XP level 6. HP: 39/71 MP: 6/6
   678 | D        | Paralysed by a floating eye for 2 turns
   684 | D        | Paralysed by a floating eye for 2 turns
   688 | D        | Reached skill level 8 in Fighting
   699 | D        | Reached XP level 7. HP: 48/81 MP: 7/7
   701 | D        | Paralysed by a floating eye for 3 turns
   706 | D        | Paralysed by a floating eye for 2 turns
   710 | D        | Paralysed by a floating eye for 2 turns
   716 | D        | Paralysed by a floating eye for 3 turns
   719 | D        | Reached ***** piety under Trog
   720 | D        | Paralysed by a floating eye for 4 turns
   725 | D        | Paralysed by a floating eye for 4 turns
   735 | D        | Paralysed by a floating eye for 2 turns
   741 | D        | Reached skill level 9 in Fighting
   755 | D        | Reached skill level 10 in Maces & Flails
   923 | D        | Reached skill level 5 in Armour
   923 | D        | Reached skill level 5 in Stealth
  1037 | D        | Reached ****** piety under Trog
  1037 | D        | Received a gift from Trog
  1038 | D        | Reached XP level 8. HP: 92/93 MP: 8/8
  1150 | D        | Reached skill level 10 in Fighting
  1275 | D        | Received a gift from Trog
  1678 | D        | Noticed a komodo dragon
  1678 | D        | Noticed a polar bear
  1690 | D        | Killed a komodo dragon
  1691 | D        | Reached skill level 11 in Fighting
  1691 | D        | Reached XP level 9. HP: 40/105 MP: 3/9
  1937 | D        | Killed a polar bear
  1969 | D        | Noticed a cyclops
  1974 | D        | Noticed an elephant
  1979 | D        | Noticed a deep elf pyromancer
  1982 | D        | Killed an elephant
  1983 | D        | Reached skill level 12 in Fighting
  1985 | D        | Killed a cyclops
  1992 | D        | Killed a deep elf pyromancer
  2253 | D        | Noticed an ice devil
  2274 | D        | Killed an ice devil
  2274 | D        | Received a gift from Trog
  2275 | D        | Reached skill level 13 in Fighting
  2469 | D        | Noticed a cane toad
  2480 | D        | Reached XP level 10. HP: 113/119 MP: 3/10
  2485 | D        | Killed a cane toad
  2680 | D        | Noticed a deep troll
  2697 | D        | Killed a deep troll
  2706 | D        | Received a gift from Trog
  2886 | D        | Reached skill level 14 in Fighting
  2886 | D        | Reached skill level 10 in Dodging
  3202 | D        | Noticed an orange demon
  3214 | D        | Killed an orange demon
  3215 | D        | Noticed an orc sorcerer
  3412 | D        | Received a gift from Trog
  3475 | D        | Killed a shadow wraith
  3719 | D        | Noticed a deep elf pyromancer
  3723 | D        | Killed an orc sorcerer
  3771 | D        | Noticed a rakshasa
  3773 | D        | Noticed a lindwurm
  3780 | D        | Noticed a lindwurm
  3814 | D        | HP: 5/123 [rakshasa (illusionary)/+0 whip (3)]
  3814 | D        | Mangled by a rakshasa

Illustrated notes

Levels and vault maps discovered:
D:        pitsprint [storerooms_1, entrance_room_1, metal_vault_7, armoury_2,
          mini_pit_1, grid_room_1, main_hall_1, silver_pit, the_coven_1,
          the_vestibule_1, steel_vault_5, golden_pit, hallway_of_sentries,
          crystal_vault_6, iron_vault_4, final_vault]

Skill      XL: |  1  2  3  4  5  6  7  8  9 10 |
---------------+-------------------------------+-----
Maces & Flails | 3 8 9 10 11 12 | 12.8
Dodging        | 3 5 6 8 9 10 | 10.5
Fighting       | 5 7 8 9 11 13 14 | 14.6
Armour         | 3 4 5 6 7 9 |  9.1
Stealth        | 3 4 5 6 7 9 |  9.1

Action                   |  1- 3 |  4- 6 |  7- 9 | 10-12 || total
-------------------------+-------+-------+-------+-------++-------
Melee: Mace              |    10 |       |       |       ||    10
       Flail             |     6 |    50 |    47 |       ||   103
       Dire flail        |       |       |    55 |    64 ||   119
Throw: Large rock        |       |       |       |     1 ||     1
Invok: Berserk           |       |     2 |       |       ||     2
       Trog's Hand       |       |     3 |     1 |       ||     4
       Brothers in Arms  |       |     1 |       |       ||     1
  Use: Potion            |       |     4 |     1 |       ||     5
       Scroll            |       |       |     1 |     1 ||     2
 Stab: Sleeping          |       |       |     1 |       ||     1
Armor: Animal skin       |     3 |    25 |    24 |    14 ||    66
Dodge: Dodged            |     7 |    49 |    48 |    40 ||   144

Table legend: (Time is in decaauts)
 A = Elapsed time spent in this place.
 B = Non-inter-level travel time spent in this place.
 C = Inter-level travel time spent in this place.
 D = Time resting spent in this place.
 E = Time spent auto-exploring this place.
 F = Levels seen in this place.
 G = Mean time per level.
                   A        B        C        D        E       F      G
               +--------+--------+--------+--------+--------+-----+--------+
         Total |   3801 |   3726 |     75 |   3013 |      0 |   1 | 3801.0 |
       Dungeon |   3801 |   3726 |     75 |   3013 |      0 |   1 | 3801.0 |
               +--------+--------+--------+--------+--------+-----+--------+

Top non-repeatable levels by time:
       D: 3801 daAuts
